 Dungeon Crawl Stone Soup version 0.28.0-49-g6dfe1f597d (console) character file.

Game seed: 1660917433089815971

109 Faeu the Chopper (level 4, -1/39 HPs)
             Began as a Minotaur Berserker on May 15, 2022.
             Was a Believer of Trog.
             Slain by a gnoll
             ... wielding a +0 whip
              (8 damage)
             ... on level 3 of the Dungeon.
             The game lasted 00:01:19 (2041 turns).

Faeu the Chopper (Minotaur Berserker)               Turns: 2041, Time: 00:01:19

Health: -1/39      AC:  2    Str: 24    XL:     4   Next: 59%
Magic:  3/3        EV: 12    Int:  4    God:    Trog [**....]
Gold:   81         SH:  0    Dex:  9    Spells: 3/3 levels left

rFire   . . .      SeeInvis .   a - +0 hand axe {axe}
rCold   . . .      Faith    .   (no shield)
rNeg    . . .      Spirit   .   b - +0 animal skin
rPois   .          Reflect  .   (helmet restricted)
rElec   .          Harm     .   (no cloak)
rCorr   .          Rampage  .   (no gloves)
Will    .....                   (no boots)
Stlth   +.........              (no amulet)
HPRegen 0.13/turn               (no ring)
MPRegen 0.08/turn               (no ring)

@: lit by a corona, on berserk cooldown, slowed, glowing, very slow
A: horns 2, retaliatory headbutt
a: Renounce Religion, Berserk, Trog's Hand


You were on level 3 of the Dungeon.
You worshipped Trog.
Trog was pleased with you.
You visited 1 branch of the dungeon, and saw 3 of its levels.

You collected 81 gold pieces.


Innate Abilities, Weirdness & Mutations

You have a pair of horns on your head.
You reflexively headbutt those who attack you in melee.


   Skills:
 - Level 3.6 Fighting
 + Level 6.5 Axes
 - Level 2.4 Armour
 - Level 2.1 Dodging


You had 3 spell levels left.
You didn't know any spells.
Your spell library contained the following spells:

 Spells                   Type           Power      Damage    Failure   Level
 Sandblast                Erth           0%         2d4       50%         1
 Passwall                 Tmut/Erth      0%         N/A       65%         2
 Scorch                   Fire           0%         2d5       65%         2
 Stone Arrow              Conj/Erth      0%         3d7       86%         3
 Cause Fear               Hex            0%         N/A       99%         4
 Flame Wave               Conj/Fire      0%         2d4       99%         4
 Summon Cactus Giant      Summ           0%         N/A       100%        6
 Dragon Form              Tmut           0%         N/A       100%        7
 Dragon's Call            Summ           0%         N/A       100%        9

Inventory:

Hand Weapons
 a - a +0 hand axe (weapon) {axe}
Armour
 b - a +0 animal skin (worn)
Wands
 i - a wand of mindburst (3)
   (You found it on level 2 of the Dungeon)
Scrolls
 c - 4 scrolls of identify {unknown}
 f - a scroll of brand weapon {unknown}
 g - a scroll of amnesia {unknown}
 h - a scroll of blinking {unknown}
 k - a scroll of immolation {unknown}
 l - a scroll of vulnerability {unknown}
Potions
 d - a potion of heal wounds {unknown}
 e - a potion of magic {unknown}
 j - a potion of curing {unknown}

Dungeon Overview and Level Annotations

Branches:
Dungeon (3/15)

Altars:

#.g#...#......#
#..#...#.####.#####
####.#..##.##g#gg......#
........g..........###.#
..##.....######........#
...#.....#######.#.##..#
...#.....+.....).#.....#
...##....#############g#
.>.......# #...g.g.#
...#.....# #g#######
......#### #@# ...#..#
#)# ...#..# ###)#
...#>.###### #...#
...........###.#######
..##...(.............#
.###..####.####.####.#
###..## #.........#.#
##....# #..####.#.#.#
#.....# #..# .#.#.#
#.....# #..######.#.#


You could see a gnoll.


Message History

There are monsters nearby!
You are too injured to fight recklessly!
There are monsters nearby!
You are too injured to fight recklessly!
There are monsters nearby!
You are too injured to fight recklessly!
There are monsters nearby!
You are too injured to fight recklessly!
There are monsters nearby!
You are too injured to fight recklessly!
There are monsters nearby!
You are too injured to fight recklessly!
There are monsters nearby!
You are too injured to fight recklessly!
There are monsters nearby!
You are too injured to fight recklessly!
There are monsters nearby!
You are too injured to fight recklessly!
There are monsters nearby!
You are too injured to fight recklessly!
There are monsters nearby!
You are too injured to fight recklessly!
There are monsters nearby!
You are too injured to fight recklessly!
There are monsters nearby!
You are too injured to fight recklessly!
There are monsters nearby!
You are too injured to fight recklessly!
There are monsters nearby!
You are too injured to fight recklessly!
There are monsters nearby!
You are too injured to fight recklessly!
There are monsters nearby!
You are too injured to fight recklessly!
There are monsters nearby!
You are too injured to fight recklessly!
The gnoll shouts!
You hear an angry hiss.
The gnoll barely misses you. 😮 HP[-10]
You take 10 damage, and now have 21/31 hp.
MASSIVE DAMAGE!! (PAUSE)
The gnoll shaman calls upon its god to speed up the gnoll.
The gnoll seems to speed up. 😮 HP[+1]
The gnoll shaman invokes the aid of its god against you.
You are outlined in light.
The gnoll shaman calls upon its god to speed up the gnoll.
The gnoll seems to speed up. 😮 HP[+1] 😕 HP[+1]
The gnoll hits you from afar with a +0 halberd! 😮 HP[-8]
You take 8 damage, and now have 16/31 hp.
MASSIVE DAMAGE!! (PAUSE)
A red film seems to cover your vision as you go berserk!
You feel yourself moving faster!
You feel mighty! The gnoll misses you. The gnoll barely misses you. 😮 HP[+8]
You now have 46 max hp (+15).
You regained 8 hp, and now have 24/46 hp.
You feel a strong urge to attack something.
The gnoll hits you from afar with a +0 spear.
* * * LOW HITPOINT WARNING * * *
The gnoll closely misses you. You furiously retaliate!
You headbutt the gnoll!
You kill the gnoll!
Trog accepts your kill.
Your Axes skill increases to level 6!
You have reached level 4!
You feel stronger. 😨 MP[+1]
You now have 58 max hp (+12).
Your mp is fully restored (3).
The gnoll hits you but does no damage.
Things that are here:
a +0 halberd {polearm}; a gnoll corpse You slash the gnoll!
The gnoll hits you with a +0 spear.
* * * LOW HITPOINT WARNING * * *
The gnoll shaman calls upon its god to heal the gnoll.
The gnoll is healed somewhat. 😨 HP[-3]
You take 3 damage, and now have 21/58 hp.
You slash the gnoll!
You kill the gnoll!
Trog accepts your kill.
You hit the gnoll shaman. You slash the gnoll shaman!
The gnoll shaman hits you with a +0 whip!
* * * LOW HITPOINT WARNING * * *
😱 HP[-11]
You take 11 damage, and now have 10/58 hp.
You slash the gnoll shaman!
You kill the gnoll shaman!
Trog accepts your kill.
Things that are here:
a +0 whip {mace}; a +0 robe; a +0 spear {polearm} You feel a strong urge to attack something.
You are no longer berserk.
You are exhausted.
You feel yourself slow down. The gnoll hits you with a +0 whip!
You die...

Skill      XL: |  1  2  3 |
---------------+----------+-----
Axes           | 4 5 6 |  6.5
Fighting       | |  3.6
Armour         | |  2.4
Dodging        | |  2.1

Action                   |  1- 3 |  4- 6 || total
-------------------------+-------+-------++-------
Melee: Hand axe          |    70 |     5 ||    75
       Headbutt          |    18 |       ||    18
Invok: Berserk           |     1 |       ||     1
Armor: Animal skin       |    13 |     1 ||    14
Dodge: Dodged            |    55 |       ||    55

Levels and vault maps discovered:
D:1:      wander_arrival_lonely_grave, layout_loops_corners,
          basic_ecumenical_altar, kennysheep_another_room, minmay_pentomino_o2
D:2:      layout_loops_ring
D:3:      layout_basic, serial_shops, nicolae_shop_stone, minivault_19

Notes
Turn   | Place    | Note
-------+----------+-------------------------------------------
     0 | D:1      | Faeu the Minotaur Berserker began the quest for the Orb.
     0 | D:1      | Reached XP level 1. HP: 19/19 MP: 0/0
     0 | D:1      | magus.rc [v1.9.6]
     5 | D:1      | Found a faded altar of an unknown god.
   176 | D:1      | Reached skill level 4 in Axes
   249 | D:1      | Reached XP level 2. HP: 26/26 MP: 1/1
  1036 | D:2      | Reached skill level 5 in Axes
  1060 | D:2      | Reached XP level 3. HP: 31/31 MP: 2/2
  1267 | D:2      | You pick up a book of Scorching {forbidden} and begin
                  | reading...
  1267 | D:2      | You add the spells Scorch, Flame Wave and Summon Cactus
                  | Giant to your library.
  1375 | D:2      | You pick up a book of Geomancy {forbidden} and begin
                  | reading...
  1375 | D:2      | You add the spells Sandblast, Passwall and Stone Arrow to
                  | your library.
  1393 | D:2      | Reached ** piety under Trog
  1824 | D:3      | You pick up a book of the Dragon {forbidden} and begin
                  | reading...
  1824 | D:3      | You add the spells Cause Fear, Dragon Form and Dragon's
                  | Call to your library.
  2034 | D:3      | Reached skill level 6 in Axes
  2034 | D:3      | Reached XP level 4. HP: 24/39 MP: 3/3
  2038 | D:3      | HP: 10/58 [gnoll shaman/+0 whip (11)]
  2041 | D:3      | Slain by a gnoll

Vanquished Creatures
  A gnoll shaman (D:3)
  2 gnolls (D:3)
  An adder (D:2)
  A worm (D:2)
  2 dart slugs (D:2)
  2 endoplasms
  2 giant cockroaches
  3 goblins
  3 hobgoblins
  6 jackals
  5 kobolds
  2 quokkas
  5 ball pythons
  4 bats
  A frilled lizard (D:1)
  2 rats
42 creatures vanquished.

Table legend:
 A = Non-vault XP
 B = Vault XP
 C = Vault XP percentage of total XP
 D = Non-vault monster count
 E = Vault monster count
 F = Vault count percentage of total count
                 A         B        C        D         E       F
            +---------+---------+-------+---------+---------+-------
      Total |     152 |       4 |   2.6 |      40 |       2 |   4.8
            +---------+---------+-------+---------+---------+-------
        D:1 |      22 |       4 |  15.4 |      14 |       2 |  12.5
        D:2 |      51 |       0 |   0.0 |      18 |       0 |   0.0
        D:3 |      79 |       0 |   0.0 |       8 |       0 |   0.0
            +---------+---------+-------+---------+---------+-------

Illustrated notes

Table legend:
 A = Kills in this place as a percentage of kills in entire the game.
 B = Kills by you in this place as a percentage of kills by you in the entire game.
 C = Kills by friends in this place as a percentage of kills by friends in the entire game.
 D = Other kills in this place as a percentage of other kills in the entire game.
 E = Experience gained in this place as a percentage of experience gained in the entire game.
 F = Experience gained in this place divided by the number of levels of this place that you have seen.
                   A       B       C       D       E      F
               +-------+-------+-------+-------+-------+----------------------
         Total | 100.0 | 100.0 |   N/A |   N/A | 100.0 |  52.0
       Dungeon | 100.0 | 100.0 |   N/A |   N/A | 100.0 |  52.0
               +-------+-------+-------+-------+-------+----------------------

Table legend: (Time is in decaauts)
 A = Elapsed time spent in this place.
 B = Non-inter-level travel time spent in this place.
 C = Inter-level travel time spent in this place.
 D = Time resting spent in this place.
 E = Time spent auto-exploring this place.
 F = Levels seen in this place.
 G = Mean time per level.
                   A        B        C        D        E       F      G
               +--------+--------+--------+--------+--------+-----+--------+
         Total |   2041 |   2007 |     34 |      0 |   1784 |   3 |  680.3 |
       Dungeon |   2041 |   2007 |     34 |      0 |   1784 |   3 |  680.3 |
               +--------+--------+--------+--------+--------+-----+--------+

Top non-repeatable levels by time:
     D:2: 913 daAuts
     D:1: 889 daAuts
     D:3: 239 daAuts
